[Event "Live Chess"]
[Site "Chess.com"]
[Date "2023.05.20"]
[Round "-"]
[White "bedsdrout"]
[Black "lateforthesky"]
[Result "0-1"]
[WhiteElo "434"]
[BlackElo "2077"]
[TimeControl "300"]
[EndTime "9:54:54 PDT"]
[Termination "lateforthesky won by checkmate"]

1. e4 c5 2. Bc4 e6 3. Qh5 Nf6 4. Qf3 Nc6 5. d3 Ne5 6. Qg3 Nxc4 7. Bg5 Nb6 8. e5 Be7 9. Nf3 Nh5 10. Qh4 Bxg5 11. Qxg5 Qxg5 12. Nxg5 h6 13. Nf3 Nf4 14. O-O d6 15. exd6 Bd7 16. Ne5 f6 17. Nc3 fxe5 18. Nb5 Bxb5 19. Rad1 Bc6 20. d4 cxd4 21. c3 O-O 22. g3 Nh3# 0-1

[Event "Live Chess"]
[Site "Chess.com"]
[Date "2023.05.20"]
[Round "-"]
[White "Sergio2StepsAheado"]
[Black "vinni3012"]
[Result "1-0"]
[WhiteElo "986"]
[BlackElo "1862"]
[TimeControl "300"]
[EndTime "9:55:01 PDT"]
[Termination "Sergio2StepsAheado won by resignation"]

1. e4 c6 2. Nf3 d5 3. Nc3 dxe4 4. Nxe4 Nf6 5. Qe2 Nxe4 6. Qxe4 Be6 7. Be2 Nd7 8. c3 Bd5 9. Qf4 e6 10. d4 Bxf3 11.
Bxf3 Nf6 12. O-O Bd6 13. Qg5 Qe7 14. Qxg7 O-O-O 15. Bg5 1-0

[Event "Live Chess"]
[Site "Chess.com"]
[Date "2023.05.20"]
[Round "-"]
[White "JoeyCage"]
[Black "Ocelot32"]
[Result "1-0"]
[WhiteElo "2313"]
[BlackElo "1396"]
[TimeControl "300"]
[EndTime "9:55:04 PDT"]
[Termination "JoeyCage won by resignation"]

1. e4 e6 2. d4 d5 3. Nc3 dxe4 4. Nxe4 Nd7 5. Nf3 Ngf6 6. Nxf6+ Nxf6 7. Bd3 Be7 8. O-O b6 9. Qe2 O-O 10. Rd1 Bb7 11. c3 Qd5 12. Ne1 Bd6 13. Be3 Qh5 14. Qxh5 Nxh5 15. g3 Nf6 16. c4 Rac8 17. c5 bxc5 18.
dxc5 Be7 19. Bb5 Nd5 20. c6 Nxe3 21. cxb7 Rb8 22. fxe3 Rxb7 23. a4 Bc5 24. Kf2 Rc8 25.
Kf3 Rb6 26. Nd3 Be7 27. Rac1 a6 28. Bc4 Rd6 29. b3 Rcd8 30. Nf2 g6 31. Rxd6 Bxd6 32.
Bxa6 Rb8 33. Bc4 Kg7 34. a5 Ra8 35. a6 Bc5 36. Ne4 f5 37. Nxc5 1-0

[Event "Live Chess"]
[Site "Chess.com"]
[Date "2023.05.20"]
[Round "-"]
[White "YrrriKharkiv"]
[Black "scarletmojito"]
[Result "0-1"]
[WhiteElo "2111"]
[BlackElo "1861"]
[TimeControl "300"]
[EndTime "9:55:08 PDT"]
[Termination "scarletmojito won on time"]

1. d4 Nf6 2. Nf3 d5 3. c4 c6 4.
Nc3 g6 5. Bg5 Bg7 6. Qb3 dxc4 7.
Qxc4 O-O 8. Qb3 Be6 9. Qc2 Qb6 10. Rd1 Na6 11. Nd2 Nb4 12. Qb1 Qxd4 13. Nde4 Qe5 14. Nxf6+ exf6 15. Bd2 Rad8 16. e4 f5 17. f4 Qc5 18. e5 Bh6 19. a3 Nd5 20. Nxd5 Qxd5 21. Be3 Qa5+ 22. Kf2 Qa4 23. Rxd8 Rxd8 24. b4 Qxa3 25.
Be2 Bf8 26. b5 Bc5 27. Qc1 Qb4 28. Bxc5 Qe4 29. Be3 g5 30. g3 g4 31. Rd1 Bd5 32.
Rg1 cxb5 33. Bxa7 Bc6 34. Qe3 Qxe3+ 35. Bxe3 b4 36. Rb1 Be4 37. Rxb4 Kg7 38. Rxe4 fxe4 39. f5 f6 40. e6 Kf8 41. Bc5+ Ke8 42. e7 Rd7 43.
Bb5 h6 44. Bxd7+ Kxd7 45. Ke3 Ke8 46. Kxe4 b6 47. Bxb6 Kxe7 48. Bc5+ Kf7 0-1

[Event "Live Chess"]
[Site "Chess.com"]
[Date "2023.05.20"]
[Round "-"]
[White "Tushinskiy"]
[Black "JackRudd"]
[Result "0-1"]
[WhiteElo "2090"]
[BlackElo "2392"]
[TimeControl "300"]
[EndTime "9:55:22 PDT"]
[Termination "JackRudd won by resignation"]

1. d4 Nf6 2. c3 e6 3. Nf3 c5 4. Bf4 Nc6 5. e3 d5 6. Bd3 Bd6 7. Bg3 O-O 8. Nbd2 Re8 9. Ne5 Bxe5 10. dxe5 Nd7 11. f4 f6 12. exf6 Nxf6 13. Qe2 e5 14. fxe5 Nxe5 15. O-O-O Bg4 16. Nf3 Nxd3+ 17. Rxd3 Qa5 18. a3 Bf5 19. Rd2 b5 20. Bd6 Qb6 21. Be5 b4 22. Bxf6 Qxf6 23. axb4 cxb4 24. cxb4 Rab8 25. Rxd5 Rxb4 26. Nd4 Rxd4 27. Rxd4 Qxd4 28.
exd4 Rxe2 29. Rd1 Rc2+ 30. Kb1 Rc6+ 31. Ka2 Bc2 0-1

[Event "Live Chess"]
[Site "Chess.com"]
[Date "2023.05.20"]
[Round "-"]
[White "Daniel_Gliddon_FA"]
[Black "Singapourfeuj"]
[Result "0-1"]
[WhiteElo "954"]
[BlackElo "2274"]
[TimeControl "300"]
[EndTime "9:55:44 PDT"]
[Termination "Singapourfeuj won by resignation"]

1. e4 d5 2. exd5 Nf6 3. d4 Nxd5 4. Nf3 Nc6 5. c4 Nb6 6. d5 Nb8 7. Nc3 c6 8. dxc6 Qxd1+ 9. Nxd1 Nxc6 10. Bd3 Bg4 11.
Be2 O-O-O 12. O-O e6 13. b3 Bc5 14. Bd2 Bxf3 15. Bxf3 Rxd2 16. Nc3 Bd4 17. Bxc6 Bxc3 18. Bxb7+ Kxb7 19. Rac1 Bd4 20. c5 Nd5 21. c6+ Kc7 22.
Rfd1 Rxd1+ 23. Rxd1 e5 24. Kf1 f6 25. Ke2 Nc3+ 0-1

[Event "Live Chess"]
[Site "Chess.com"]
[Date "2023.05.20"]
[Round "-"]
[White "Conradical12"]
[Black "ramses-IIG"]
[Result "1-0"]
[WhiteElo "1509"]
[BlackElo "744"]
[TimeControl "300"]
[EndTime "9:55:47 PDT"]
[Termination "Conradical12 won by checkmate"]

1. e4 d5 2. exd5 Qxd5 3. Nc3 Qe6+ 4. Nge2 Qg6 5. d3 c6 6. Be3 Nd7 7. g3 e5 8. Bg2 Bb4 9. O-O h5 10. f4 exf4 11. Nxf4 Qf5 12. Nfd5 Qg4 13. Qxg4 hxg4 14. Nc7+ Kd8 15. Nxa8 Ne5 16. Rae1 Nf6 17. Bb6+ Kd7 18.
Rxe5 Bxc3 19. bxc3 Kd6 20. Bc7+ Kd7 21. Be4 Nxe4 22.
Rxf7# 1-0

[Event "Live Chess"]
[Site "Chess.com"]
[Date "2023.05.20"]
[Round "-"]
[White "smoggyrabbit"]
[Black "hturner40"]
[Result "0-1"]
[WhiteElo "1625"]
[BlackElo "1874"]
[TimeControl "300"]
[EndTime "9:55:51 PDT"]
[Termination "hturner40 won on time"]

1. d4 Nf6 2. Nf3 g6 3. e3 Bg7 4. Be2 O-O 5. O-O d6 6. b3 Nbd7 7. Bb2 Ne4 8. Nbd2 Ndf6 9. c4 Bg4 10. h3 Nxd2 11. Qxd2 Ne4 12. Qc2 Bf5 13. Bd3 d5 14. cxd5 Qxd5 15. Ne5 Nd6 16. Bxf5 gxf5 17. Qxc7 Rac8 18.
Qxe7 Rce8 19. Qh4 Ne4 20. Nd7 Qxd7 21. Ba3 Nd6 22. Qg3 Re6 23. Rac1 Rg6 24. Qf4 Bh6 25. Qe5 Re8 26. Qc5 f4 27. Qc7 Qxh3 0-1

[Event "Live Chess"]
[Site "Chess.com"]
[Date "2023.05.20"]
[Round "-"]
[White "BearFromUkraine"]
[Black "Inglaterra"]
[Result "0-1"]
[WhiteElo "1166"]
[BlackElo "2083"]
[TimeControl "300"]
[EndTime "9:55:57 PDT"]
[Termination "Inglaterra won by resignation"]

1. e4 e5 2. Nf3 Nc6 3. Bc4 Nf6 4. d3 Bc5 5. O-O d6 6. Bg5 h6 7. Bh4 Bg4 8. Nc3 Nd4 9. Nd5 g5 10. Nxf6+ Qxf6 11. Bg3 h5 12. c3 Nxf3+ 13. gxf3 Bxf3 0-1

[Event "Live Chess"]
[Site "Chess.com"]
[Date "2023.05.20"]
[Round "-"]
[White "Chesscoach_Golichenko"]
[Black "vovanada"]
[Result "1-0"]
[WhiteElo "2646"]
[BlackElo "806"]
[TimeControl "300"]
[EndTime "9:55:58 PDT"]
[Termination "Chesscoach_Golichenko won by checkmate"]

1. d4 d5 2. Nc3 Nf6 3. Bf4 e6 4. e3 Bb4 5. Bd3 Bxc3+ 6. bxc3 O-O 7. g4 h6 8. h4 Qe7 9. g5 Ne4 10. gxh6 gxh6 11. Qg4+ Kh7 12. f3 Rg8 13. Qh5 f5 14. Qxh6# 1-0

[Event "Live Chess"]
[Site "Chess.com"]
[Date "2023.05.20"]
[Round "-"]
[White "LL220284LL"]
[Black "Hussamalhaidar"]
[Result "1-0"]
[WhiteElo "2405"]
[BlackElo "970"]
[TimeControl "300"]
[EndTime "9:56:02 PDT"]
[Termination "LL220284LL won by checkmate"]

1. b3 b6 2. Bb2 Bb7 3. Nf3 Nf6 4.
e3 e6 5. Be2 d5 6. c4 Nbd7 7.
O-O Bd6 8. Nc3 O-O 9. d4 c5 10. cxd5 exd5 11. Rc1 cxd4 12. Nxd4 Rc8 13. h3 Re8 14.
Bf3 Ne4 15. Bg4 g6 16. Ncb5 Rxc1 17. Qxc1 Bb8 18. Nc6 Bxc6 19. Qxc6 a6 20. Nc3 Nxc3 21. Bxd7 Re7 22. Bg4 Qc7 23. Qxc7 Rxc7 24. Bf3 Ne4 25.
Be5 Rc8 26. Bxb8 Rxb8 27. Rd1 Nc3 28. Rd2 Rc8 29. Rc2 b5 30. Bxd5 Rd8 31. Bf3 b4 32. a3 a5 33. axb4 axb4 34. g3 Nd1 35. Kg2 Nc3 36. Bc6 Rd6 37. Bb7 g5 38. e4 f6 39.
Kf3 h6 40. Kg4 Nxe4 41. Bxe4 Rd4 42. Kf5 Kg7 43. Rc7+ Kf8 44. f3 h5 45. Kxf6 g4 46.
Rc8+ Rd8 47. Rxd8# 1-0

[Event "Live Chess"]
[Site "Chess.com"]
[Date "2023.05.20"]
[Round "-"]
[White "MartinWalker4"]
[Black "OSmith06"]
[Result "1-0"]
[WhiteElo "2073"]
[BlackElo "1723"]
[TimeControl "300"]
[EndTime "9:56:02 PDT"]
[Termination "MartinWalker4 won by resignation"]

1. e4 c6 2. d4 d5 3. exd5 cxd5 4. c4 dxc4 5. Bxc4 e6 6. Nc3 Nf6 7. Nf3 Nc6 8. O-O Bb4 9. a3 Bxc3 10. bxc3 O-O 11.
Bg5 h6 12. Bh4 a6 13. Qd2 b5 14. Be2 Bb7 15. Qf4 Nd5 16. Qg3 g5 17. Nxg5 hxg5 18. Bxg5 Qc7 19. Bf4+ Kh7 20. Bxc7 Nxc7 21. Qxc7 1-0

[Event "Live Chess"]
[Site "Chess.com"]
[Date "2023.05.20"]
[Round "-"]
[White "McSlash1"]
[Black "gmnorfolk"]
[Result "0-1"]
[WhiteElo "2071"]
[BlackElo "2207"]
[TimeControl "300"]
[EndTime "9:56:04 PDT"]
[Termination "gmnorfolk won by checkmate"]

1. e4 e5 2. Nf3 Nc6 3. Bb5 a6 4. Ba4 Nf6 5. O-O Be7 6. Re1 b5 7. Bb3 O-O 8. d3 d6 9. h3 Bb7 10. c3 Na5 11. Bc2 c5 12. Nbd2 h6 13. Nf1 Re8 14. Ng3 Bf8 15. Nf5 Nc6 16. Nh2 d5 17. exd5 Qxd5 18. Bb3 Qd7 19. Ne3 Rad8 20. Bc2 Nd5 21.
Nhg4 Nxe3 22. Bxe3 f5 23. Nh2 Qf7 24. f4 c4 25.
fxe5 Nxe5 26. d4 Qd5 27. Re2 Nd3 28. Nf3 Nxb2 29. Qd2 Qf7 30. Ne5 Rxe5 31. Qc1 Nd3 32. Qb1 Re4 33. a4 Rde8 34. axb5 axb5 35. Qxb5 Rxe3 36.
Rxe3 Rxe3 37. Ra7 Re1+ 38. Kh2 Qc7+ 39. g3 Rh1# 0-1

[Event "Live Chess"]
[Site "Chess.com"]
[Date "2023.05.20"]
[Round "-"]
[White "KuriyamaMiraiUA"]
[Black "1600x"]
[Result "1-0"]
[WhiteElo "655"]
[BlackElo "1266"]
[TimeControl "300"]
[EndTime "9:56:05 PDT"]
[Termination "KuriyamaMiraiUA won by resignation"]

1. d4 d5 2. c4 Bg4 3. Nc3 Be6 4. e3 c6 5. Bd3 Nf6 6. Nf3 dxc4 7.
Be2 b5 8. O-O b4 9. Na4 Qa5 10.
Nc5 Nfd7 11. Nxe6 fxe6 12. Bd2 c3 13. bxc3 bxc3 14. Be1 Nf6 15. Qb3 Qd5 16. Bxc3 Ne4 17. Bc4 Qd6 18. Bb4 c5 19. dxc5 Nxc5 20. Bb5+ Nc6 21.
Bxc5 Qxc5 22. Rac1 Qf5 23. Bxc6+ Kf7 24. Bxa8 Qf6 25.
Qb8 h5 26. Ne5+ Kg8 27. Rc8 g6 28. Nd7 Qg7 29. Rxf8+ Kh7 30. Rxh8+ Qxh8 31. Qxh8+ Kxh8 32. Be4 e5 33. Bxg6 h4 34. Nxe5 Kg7 35. Rc1 Kf8 36.
Rc8+ Kg7 37. Rc7 Kf6 38. Rxa7 Kxe5 39. Rxe7+ Kf6 40. Rd7 Kxg6 41. Rd1 Kf6 42. a3 Kg6 43. a4 Kg5 44. a5 h3 45. a6 hxg2 46. Kxg2 Kf6 47. a7 Ke7 48. a8=Q Kf7 49. Qe4 Kg7 50. Qf3 Kg6 51. e4 Kg7 52. e5 Kg6 53. e6 Kg5 54. e7 Kg6 55. e8=Q+ 1-0

[Event "Live Chess"]
[Site "Chess.com"]
[Date "2023.05.20"]
[Round "-"]
[White "SirEntrails"]
[Black "Zeraora719"]
[Result "1-0"]
[WhiteElo "539"]
[BlackElo "808"]
[TimeControl "300"]
[EndTime "9:56:07 PDT"]
[Termination "SirEntrails won by checkmate"]

1. e4 e5 2. Nf3 Nc6 3. Bc4 Bc5 4. d3 d6 5. Ng5 h6 6. Nxf7 Qe7 7. Nxh8 Nf6 8. Nf7 Ng4 9. O-O Nxf2 10. Qh5 Bg4 11. Qg6 Qh4 12. Nxe5+ Kf8 13. Nxg4 Ke7 14. Nxf2 Rf8 15.
Qxg7+ Ke8 16. g3 Qh3 17. Bxh6 Bxf2+ 18. Rxf2 Rxf2 19. Kxf2 Qxh2+ 20. Kf3 Qh5+ 21. g4 Qh3+ 22. Kf2 Nd4 23. Qf8+ Kd7 24. Bg5 Nxc2 25. Qe7+ Kc6 26.
Bd5+ Kc5 27. Qxc7+ Kb5 28. Qc4+ Kb6 29. Bd8# 1-0

[Event "Live Chess"]
[Site "Chess.com"]
[Date "2023.05.20"]
[Round "-"]
[White "hello505050"]
[Black "alanmike75"]
[Result "0-1"]
[WhiteElo "1074"]
[BlackElo "1483"]
[TimeControl "300"]
[EndTime "9:56:10 PDT"]
[Termination "alanmike75 won by checkmate"]

1. e4 e5 2. Nf3 Nc6 3. Bc4 Be7 4. Nc3 Nf6 5. Ng5 O-O 6. d3 d6 7. O-O h6 8. Nf3 Bg4 9. h3 Bxf3 10. Qxf3 Nd4 11.
Qd1 c6 12. Be3 b5 13. Bb3 a5 14. a4 Nxb3 15. cxb3 b4 16. Ne2 c5 17. Ng3 Qd7 18. Nf5 Bd8 19. Qf3 Kh7 20. g4 Ng8 21. Bd2 g6 22. Bxh6 Nxh6 23. g5 Nxf5 24. exf5 Bxg5 25.
h4 Bxh4 26. Qh3 g5 27. Kh2 Kg7 28. f6+ Kxf6 29. Qxh4 Rh8 30. Qxh8+ Rxh8+ 31. Kg3 Qh3# 0-1

[Event "Live Chess"]
[Site "Chess.com"]
[Date "2023.05.20"]
[Round "-"]
[White "RoaringKnights"]
[Black "friarnator"]
[Result "0-1"]
[WhiteElo "943"]
[BlackElo "1979"]
[TimeControl "300"]
[EndTime "9:56:14 PDT"]
[Termination "friarnator won by checkmate"]

1. d4 Nf6 2. Nf3 g6 3. Bf4 Bg7 4. e3 d6 5. c3 O-O 6. Nbd2 h6 7. Bd3 Nh5 8. Bg3 Nxg3 9. hxg3 e5 10. dxe5 dxe5 11.
Qc2 f5 12. e4 Be6 13. exf5 gxf5 14. g4 e4 15. Be2 exf3 16. Bxf3 c6 17. gxf5 Bxf5 18.
Qb3+ Rf7 19. Bh5 Qe7+ 20. Kd1 Na6 21. Bxf7+ Qxf7 22. Qxf7+ Kxf7 23. Re1 Rd8 24. Kc1 h5 25. b3 Bxc3 26. Rb1 Bxd2+ 27. Kb2 Bxb1 28. Rxb1 Nb4 29. Ka3 a5 30. Rd1 Nc2+ 31. Kb2 Nb4 32. a3 Bc3+ 33. Kxc3 Rxd1 34. axb4 axb4+ 35. Kxb4 Rd2 36. Ka4 Rxf2 37. b4 Rxg2 38. Ka5 Rg5+ 39. Kb6 Rb5+ 40. Kc7 h4 41. Kd6 h3 42. Kd7 h2 43.
Kc7 h1=Q 44. Kd6 Qd5+ 45. Kc7 Qe5+ 46. Kc8 Rd5 47. Kxb7 c5 48. bxc5 Rxc5 49. Kb6 Qd6+ 50. Kb7 Rc7+ 51. Kb8 Qd8# 0-1

[Event "Live Chess"]
[Site "Chess.com"]
[Date "2023.05.20"]
[Round "-"]
[White "EdenHazard8"]
[Black "1PRK1"]
[Result "1-0"]
[WhiteElo "2122"]
[BlackElo "1376"]
[TimeControl "300"]
[EndTime "9:56:17 PDT"]
[Termination "EdenHazard8 won - game abandoned"]

1. e4 c5 2. Nc3 d6 3. f4 g6 4.
Nf3 Bg7 5. Bc4 Nf6 6. d3 O-O 7. O-O a6 8. a4 Nc6 9. Qe1 e6 10. Qh4 Ne8 11. Qh3 e5 12. f5 gxf5 13. Bh6 fxe4 14. Qg3 Qf6 15. Bg5 Qg6 16. Nh4 Qh5 17. Nxe4 Be6 18. Nf6+ Nxf6 19. Bxf6 Qg4 20. Qxg4 Bxg4 21.
Rf2 Nd4 22. Raf1 Ne2+ 23. Kh1 Nf4 24. Bxg7 Kxg7 25. g3 Nh3 26. Rxf7+ Rxf7 27. Rxf7+ Kh8 28. Kg2 Rg8 29. Rf6 Ng5 30. Bxg8 1-0

[Event "Live Chess"]
[Site "Chess.com"]
[Date "2023.05.20"]
[Round "-"]
[White "SimpleHarmonic1"]
[Black "Albul"]
[Result "0-1"]
[WhiteElo "2070"]
[BlackElo "2184"]
[TimeControl "300"]
[EndTime "9:56:22 PDT"]
[Termination "Albul won on time"]

1. d4 f5 2. c4 Nf6 3. Nf3 g6 4. g3 Bg7 5. Bg2 O-O 6. O-O d6 7.
Nc3 c6 8. d5 c5 9. Re1 Nh5 10.
e4 f4 11. e5 Bg4 12. e6 Na6 13. a3 Nc7 14. Qd3 Rb8 15. Ng5 fxg3 16. hxg3 Bd4 17. Be3 Bf5 18. Be4 Bxe4 19. Ncxe4 Bxb2 20. Ra2 Bf6 21. Nf7 Qe8 22. Bh6 Rxf7 23. exf7+ Qxf7 24. Rae2 Bd4 25. Ng5 Qf6 26. Ne4 Qf7 27. Be3 Be5 28. Ng5 Qf6 29.
f4 Bc3 30. Bd2 Bd4+ 31. Kg2 Re8 32. Ne6 Nxe6 33. Rxe6 Qf7 34. Bc3 Bxc3 35. Qxc3 Ng7 36. R6e3 Kf8 37. Qd2 Nf5 38. Re6 Ng7 39. R6e3 Qf6 40. Re6 Nxe6 41. Rxe6 Qd4 42. Qe2 a6 43. Qg4 Qxc4 44. Qh4 Qxd5+ 0-1

[Event "Live Chess"]
[Site "Chess.com"]
[Date "2023.05.20"]
[Round "-"]
[White "Mikhail_Golubev"]
[Black "RamsayFlayer"]
[Result "0-1"]
[WhiteElo "2538"]
[BlackElo "1998"]
[TimeControl "300"]
[EndTime "9:56:29 PDT"]
[Termination "RamsayFlayer won on time"]

1. e4 e5 2. Nf3 Nc6 3. Bc4 Nf6 4. d3 Bc5 5. O-O d6 6. c3 h6 7. Nbd2 a5 8. Re1 Be6 9. Bxe6 fxe6 10. Qb3 Qc8 11.
d4 exd4 12. e5 Ng4 13. cxd4 Nxd4 14. Nxd4 Bxd4 15. Qa4+ Qd7 16. Qxd4 Nxe5 17. Nc4 Nxc4 18. Qxc4 d5 19. Qg4 O-O 20. Qxe6+ Qf7 21. Qxf7+ Rxf7 22.
Be3 b6 23. Rad1 Rd8 24. g3 c6 25. b3 c5 26. Bf4 d4 27. a4 Rdf8 28. Rd2 g5 29. Be5 Rf3 30. Bd6 R8f6 31. Re8+ Kh7 32. Be5 R6f5 33. g4 Rf7 34. Kg2 Rxb3 35. h4 gxh4 36. f4 h3+ 37. Kh2 h5 38. f5 Kh6 39.
Rh8+ Kg5 40. Rg8+ Kh4 41. Bf4 Rf3 42. Bg5+ Kxg4 43. f6 Kf5 44. Bh4 d3 45. Rg5+ Kxf6 46. Rxh5+ Ke6 47. Rh6+ Kd5 48. Rxb6 Kc4 49. Rb5 Rf1 50.
Rdb2 d2 51. Rc2+ Kd3 52. Rxd2+ Kxd2 53. Rxc5 Kd3 54. Kxh3 R1f2 55. Bxf2 Rxf2 56. Rxa5 Ke4 0-1

[Event "Live Chess"]
[Site "Chess.com"]
[Date "2023.05.20"]
[Round "-"]
[White "Pandreq"]
[Black "ZackirtyChess"]
[Result "1-0"]
[WhiteElo "1263"]
[BlackElo "1144"]
[TimeControl "300"]
[EndTime "9:56:32 PDT"]
[Termination "Pandreq won by checkmate"]

1. d4 f5 2. c4 Nf6 3. Nc3 g6 4.
Bg5 Bg7 5. e3 O-O 6. Nf3 d6 7.
b4 Nbd7 8. c5 e5 9. cxd6 cxd6 10.
dxe5 dxe5 11. Nd5 e4 12. Nxf6+ Nxf6 13. Qxd8 Rxd8 14. Bc4+ Kh8 15. Rc1 h6 16. Bxf6 Bxf6 17. Nd2 a6 18. Nb3 g5 19. O-O b5 20. Bf7 f4 21.
exf4 gxf4 22. Rfd1 Rxd1+ 23. Rxd1 Bf5 24. Rd6 Bg5 25.
h4 Bxh4 26. Rxh6+ Kg7 27. Rxh4 Kxf7 28. Rxf4 Kg6 29. Nd4 Rf8 30. g4 Kg5 31. Rxf5+ Rxf5 32. Nxf5 Kxg4 33. Nd6 Kf4 34. Nb7 Kf3 35. Nc5 e3 36. fxe3 Kxe3 37. Nxa6 Kd4 38. Nc7 Kc4 39. a3 Kb3 40.
Nxb5 Ka4 41. Nd6 Kxa3 42. b5 Kb2 43. b6 Ka3 44. b7 Ka4 45. b8=Q Ka3 46. Kf2 Ka4 47.
Ke3 Ka5 48. Qb5# 1-0

[Event "Live Chess"]
[Site "Chess.com"]
[Date "2023.05.20"]
[Round "-"]
[White "VovaOvchar1990"]
[Black "ReeceHockton"]
[Result "1-0"]
[WhiteElo "1186"]
[BlackElo "321"]
[TimeControl "300"]
[EndTime "9:56:38 PDT"]
[Termination "VovaOvchar1990 won by checkmate"]

1. e4 e5 2. Bc4 Nc6 3. Qh5 g6 4. Qf3 Nf6 5. Nh3 Nd4 6. Qd1 Bc5 7. c3 Ne6 8. O-O O-O 9. d3 h6 10. Bxh6 Re8 11. Ng5 Bf8 12. Nxe6 dxe6 13. Bxf8 Rxf8 14.
f4 Nh5 15. fxe5 c6 16. Rf3 b5 17. Bb3 Ba6 18. Rg3 Qd7 19. Qxh5 Kg7 20. Qh4 f6 21. Nd2 fxe5 22. Nf3 Qxd3 23. Nxe5 Qd6 24. Rxg6# 1-0

[Event "Live Chess"]
[Site "Chess.com"]
[Date "2023.05.20"]
[Round "-"]
[White "JanMur7"]
[Black "ChessTWSS"]
[Result "1-0"]
[WhiteElo "1992"]
[BlackElo "1683"]
[TimeControl "300"]
[EndTime "9:56:45 PDT"]
[Termination "JanMur7 won on time"]

1. e4 c5 2. Nf3 Nc6 3. c3 Nf6 4.
e5 Nd5 5. d4 cxd4 6. cxd4 g6 7.
Nc3 Nxc3 8. bxc3 Bg7 9. Bd3 O-O 10. O-O d6 11. exd6 Qxd6 12. a4 a5 13. Ba3 Qc7 14. Re1 Bg4 15. h3 Bxf3 16. Qxf3 Rfe8 17. Bb5 e6 18. Rab1 Rec8 19. Rec1 f5 20. Bxc6 Qxc6 21. Qxc6 Rxc6 22. Rxb7 Rc4 23. Bc5 Rxa4 24. Re1 Rc4 25. Rxe6 Rxc3 26. Ree7 Bf8 27. Rxh7 Bxc5 28. dxc5 Rxc5 29.
Rbg7+ Kf8 30. Rxg6 Rc1+ 31. Kh2 a4 32. Rh8+ Kf7 33. Rxa8 Kxg6 34. Rxa4 Rc2 35. Kg3 Rc3+ 36. f3 Kg5 37. Ra6 f4+ 38. Kh2 Kf5 39. Ra5+ Kg6 40. h4 Kf6 41. h5 Kg7 42. Ra6 Kh7 43. h6 1-0

[Event "Live Chess"]
[Site "Chess.com"]
[Date "2023.05.20"]
[Round "-"]
[White "LodeshChess"]
[Black "Driftboard"]
[Result "1-0"]
[WhiteElo "894"]
[BlackElo "690"]
[TimeControl "300"]
[EndTime "9:56:45 PDT"]
[Termination "LodeshChess won by checkmate"]

1. e4 e5 2. Nf3 Nc6 3. c3 Nf6 4. d4 exd4 5. e5 Ng8 6. cxd4 Bb4+ 7. Nc3 Bxc3+ 8. bxc3 d6 9. Bb5 dxe5 10. Nxe5 Bd7 11.
Nxd7 Qxd7 12. O-O O-O-O 13. Bg5 f6 14. Be3 a6 15. Bd3 Nh6 16. Bxh6 gxh6 17. Qf3 Rhg8 18. Bf5 Qxf5 19. Qxf5+ Kb8 20. Qxh7 Rh8 21. Qf5 Rdf8 22. Rab1 Na5 23. Qxa5 c6 24. Qxa6 Kc8 25. Qxb7+ Kd8 26.
Rfe1 Re8 27. Rxe8+ Rxe8 28. Qb8+ Kd7 29. Qb7+ Kd6 30. Qb4+ Kd7 31. Qb7+ Kd6 32. Kf1 Kd5 33. Qd7+ Kc4 34. Qxe8 Kxc3 35. Qxc6+ Kxd4 36. Rd1+ Ke5 37. Qd6+ Kf5 38. Rd5+ Ke4 39. Qe6+ Kf4 40. Qf5# 1-0

[Event "Live Chess"]
[Site "Chess.com"]
[Date "2023.05.20"]
[Round "-"]
[White "lamteama1"]
[Black "Misha145Chess"]
[Result "0-1"]
[WhiteElo "1055"]
[BlackElo "599"]
[TimeControl "300"]
[EndTime "9:56:50 PDT"]
[Termination "Misha145Chess won by resignation"]

1. e4 e6 2. d3 d5 3. Nf3 dxe4 4.
dxe4 Qxd1+ 5. Kxd1 e5 6. Nxe5 Nc6 7. Bb5 Bd7 8. Bf4 Nxe5 9. Bxe5 Bxb5 10. Bxc7 Nf6 11.
Nc3 Bc6 12. e5 Ne4 13. Nxe4 Bxe4 14. Rg1 f6 15. f3 Bc6 16. Re1 Be7 17. Ke2 fxe5 18.
Rf1 Bf6 19. Rad1 O-O 20. Kf2 Bb5 21. Rfe1 Rfe8 22. Rd5 Rac8 23. Red1 Rxc7 24. Rd8 Rxd8 25. Rxd8+ Bxd8 26. f4 exf4 27. Kf3 Rxc2 28. Kxf4 Rxb2 0-1

[Event "Live Chess"]
[Site "Chess.com"]
[Date "2023.05.20"]
[Round "-"]
[White "KeithArkell"]
[Black "AttackingSnowLeopard"]
[Result "1-0"]
[WhiteElo "2610"]
[BlackElo "2037"]
[TimeControl "300"]
[EndTime "9:56:52 PDT"]
[Termination "KeithArkell won by resignation"]

1. d4 d5 2. c4 c6 3. Nf3 Nf6 4. Nc3 dxc4 5. a4 Bf5 6. Nh4 e6 7. Nxf5 exf5 8. Bg5 Bb4 9. Bxf6 Qxf6 10. e3 O-O 11. Bxc4 a5 12. O-O Nd7 13. Qb3 Nb6 14. Be2 Qd6 15. g3 g6 16. Bf3 Kg7 17. Rad1 Rfd8 18.
Kg2 Rac8 19. h4 h5 20. d5 Nxd5 21. Nxd5 cxd5 22. Rxd5 Qe7 23. Rfd1 Rxd5 24. Qxd5 b6 25. Qd7 Qxd7 26. Rxd7 Re8 27. Rb7 Bc5 28. b3 Re7 29. Rb8 Rd7 30. Bc6 Rd6 31. Bb5 Kf6 32. Rb7 Re6 33. Bc4 Re7 34. Rb8 Kg7 35. Kf3 Kf6 36. Ke2 Kg7 37. Kd3 Kf6 38. Bd5 Ke5 39. Bf3 Kf6 40. Kc4 Rc7 41. Kb5 Ke6 42. Rd8 Ke7 43. Rb8 Rd7 44. Be2 Rd2 45. Bc4 Rxf2 46. Rb7+ Kd6 47. Bxf7 Rf3 48. Bxg6 Rxe3 49. Bxf5 Rxb3+ 50. Ka6 Rxg3 51. Rh7 Ra3 52. Bd7 Bf2 53. Bb5 Rh3 54.
Rh6+ Ke7 55. Rxh5 Rxh4 56. Re5+ Kd6 57. Re2 Bc5 58. Rd2+ Ke5 59. Bc6 Rh6 60. Kb5 Rh4 61. Rd5+ Ke6 62. Rd8 Rb4+ 63. Ka6 Rh4 64. Bb5 Rh7 65.
Rd2 Re7 66. Bc4+ Kf6 67. Kb5 Rc7 68. Rd3 Bb4 69. Bd5 Bc5 70. Bc6 Ke5 71. Rd5+ Ke6 72. Rh5 Kd6 73. Rh6+ Ke5 74. Rh1 Be3 75. Re1 Kd4 76.
Kxb6 Rg7 77. Rd1+ Kc3+ 78. Kxa5 Rg5+ 79. Ka6 Rg6 80. Kb7 Kb4 81. Bb5 Rb6+ 82. Kc7 Rxb5 83. axb5 Kxb5 84. Rd3 Bc5 85. Rd5 Kc4 86. Kc6 Kb4 87.
Rd1 Bf2 88. Rb1+ Kc3 89. Kd5 Kd2 90. Rb2+ Ke1 91. Ke4 Kf1 92. Kf3 Kg1 93. Rb1+ Kh2 94. Kxf2 1-0

[Event "Live Chess"]
[Site "Chess.com"]
[Date "2023.05.20"]
[Round "-"]
[White "Ayush_prahlad_Gupta"]
[Black "Ra2orLeaf"]
[Result "1-0"]
[WhiteElo "1800"]
[BlackElo "1147"]
[TimeControl "300"]
[EndTime "9:56:52 PDT"]
[Termination "Ayush_prahlad_Gupta won on time"]

1. e4 c5 2. Nc3 Nc6 3. Bc4 e6 4. Nf3 a6 5. a4 Nge7 6. d4 cxd4 7. Qxd4 Nxd4 8. Nxd4 g6 9. Nf3 Bg7 10. h4 h5 11. Bd2 d5 12. exd5 exd5 13. Bb3 d4 14.
Ne4 O-O 15. O-O-O Bg4 16. Bb4 Nc6 17. Bxf8 Kxf8 18. Neg5 Bxf3 19. gxf3 Ne5 20. f4 Ng4 21. Nxf7 Qf6 22. Rhf1 d3 23. Rxd3 Qxb2+ 24. Kd2 Nf6 25.
Ng5 Re8 26. Ne6+ Kg8 27. Nc7+ Kh7 28. Nxe8 Nxe8 29. Re1 Nf6 30. Re7 Ng4 31. Rdd7 Nxf2 32. Rxg7+ Qxg7 33. Rxg7+ Kxg7 34. Ke3 Ng4+ 35. Kf3 Kf6 36.
c4 Ke6 37. Ke4 Kd6 38. Bc2 b6 39. Bb3 a5 40. Kf3 1-0

[Event "Live Chess"]
[Site "Chess.com"]
[Date "2023.05.20"]
[Round "-"]
[White "mementoluna"]
[Black "SupremeTactician"]
[Result "0-1"]
[WhiteElo "1043"]
[BlackElo "2409"]
[TimeControl "300"]
[EndTime "9:57:00 PDT"]
[Termination "SupremeTactician won by resignation"]

1. c4 c5 2. Nc3 Nc6 3. e3 g6 4.
Nge2 Bg7 5. b3 d6 6. g3 Ne5 7. Bg2 Nd3+ 8. Kf1 Nxc1 9. Qxc1 Nf6 10. Bf3 O-O 11. Kg2 Qd7 12. Nf4 Rb8 13. d4 cxd4 14.
exd4 e6 15. d5 e5 16. Nfe2 Qh3+ 17. Kg1 Bd7 18. Bg2 Qf5 19. Qe3 Ng4 20. Qxa7 Ra8 21. Qb6 Ra6 0-1